AoeStats
← Blazing Cartesia, The Virtuous

Arabia

510109173Analyzed
1v1 RM · 2d ago on Sep 29, 2026· 20m 1s· 2 players
Game mode
Random Map
Map size
Tiny (2 player)
Population
200
Speed
Normal
Resources
Standard
Victory
Conquest
Starting age
Dark Age
Ending age
Imperial Age
RankedLock teamsTeams togetherTeam positionsShared explorationLock speedFull tech treeHidden civsTurbo modeCheats
Victory
Defeat
🇦🇷 Bulgarians · Argentina
1250
+15
1231
-15
Blazing Cartesia, The Virtuous
6:05 Loom
9:34 Feudal Age
14:08 Double-Bit Axe
15:38 Fletching
Saleuzenom
6:20 Loom
9:08 Feudal Age
12:14 Double-Bit Axe
18:35 Castle Age
17:56 Bloodlines
19:04 Forging
Connection lost

Rejoining the realm…

Still unreachable

The connection could not be restored.

Session expired

The server has moved on; the page needs a fresh start.